 Dungeon Crawl Stone Soup version 0.20-a0-1015-g2ec8a95 (webtiles) character file.

120185 Gorice the Warrior (level 17, -5/113 HPs)
             Began as a Kobold Enchanter on Apr 14, 2017.
             Was the Champion of Okawaru.
             Slain by a salamander
             ... wielding a +3 glaive
              (10 damage)
             ... on level 1 of the Snake Pit on Apr 15, 2017.
             The game lasted 03:31:17 (38328 turns).

Gorice the Warrior (Kobold Enchanter)              Turns: 38328, Time: 03:31:18

Health: -5/113     AC: 22    Str: 17    XL:     17   Next: 36%
Magic:  7/27       EV: 19    Int: 27    God:    Okawaru [******]
Gold:   543        SH:  0    Dex: 18    Spells: 15/30 levels left

rFire    . . .     SeeInvis .   a - +2 dagger (elec)
rCold    + . .     Gourm    .   (shield restricted)
rNeg     . . .     Faith    .   B - +1 scale mail "Ined" {Slay+4 Stlth+}
rPois    x         Spirit   .   k - +1 helmet {Int+3}
rElec    .         Reflect  .   W - +2 cloak
rCorr    .         Harm     .   P - +2 pair of gloves {Str+3}
MR       +....                  A - +2 pair of boots of Purpose {Str+4}
Stlth    +++.......             K - amulet of rage
Regen    0.3/turn               n - ring of Daluz {Ice Int+8 Stlth-}
MPRegen  0.2/turn               F - ring of protection from fire

@: poison vulnerable
A: carnivore 3
a: Heroism, Finesse, Renounce Religion, Evoke Berserk Rage


You were on level 1 of the Snake Pit.
You worshipped Okawaru.
Okawaru was exalted by your worship.
You were completely stuffed.

You visited 5 branches of the dungeon, and saw 25 of its levels.
You visited 1 bazaar.

You collected 2553 gold pieces.
You spent 2010 gold pieces at shops.

Inventory:

Hand Weapons
 a - a +2 dagger of electrocution (weapon)
   (You took it off an orc wizard on level 3 of the Dungeon)
 b - the +8 whip "Snakebite" {curare, rPois}
   (You found it on level 2 of the Lair of Beasts)

   It poisons the flesh of those it strikes.
   It protects you from poison.
 h - a +4 scimitar of venom
   (You found it on level 1 of the Snake Pit)
Missiles
 R - 32 tomahawks (quivered)
Armour
 k - a +1 helmet of intelligence (worn)
   (Okawaru gifted it to you on level 2 of the Lair of Beasts)
 A - the +2 pair of boots of Purpose (worn) {Str+4}
   (You bought it in a shop on level 2 of the Orcish Mines)

   It affects your strength (+4).
 B - the +1 scale mail "Ined" (worn) {Slay+4 Stlth+}
   (Okawaru gifted it to you on level 15 of the Dungeon)

   It affects your accuracy and damage with ranged weapons and melee attacks
   (+4).
   It makes you more stealthy.
 P - a +2 pair of gloves of strength (worn)
   (You bought it in a shop on level 2 of the Orcish Mines)
 W - a +2 cloak (worn)
Jewellery
 i - an uncursed ring of see invisible
 n - the ring of Daluz (left hand) {Ice Int+8 Stlth-}
   (You found it on level 8 of the Dungeon)

   [ring of ice]

   It enhances your ice magic.
   It affects your intelligence (+8).
   It makes you vulnerable to fire.
   It protects you from cold.
   It makes you less stealthy.
 p - an uncursed ring of poison resistance
 F - a ring of protection from fire (right hand)
 K - an amulet of rage (around neck)
 L - an uncursed ring of flight
 Q - an uncursed ring of resist corrosion
Wands
 j - a wand of lightning (10/15)
 o - a wand of iceblast (3/15)
 u - a wand of paralysis (11/24)
 C - a wand of digging (9/24)
 G - a wand of iceblast (10/15)
Scrolls
 d - 7 scrolls of identify
 q - 9 scrolls of teleportation {!r}
 t - 4 scrolls of fear {!r}
 x - a scroll of silence {!r}
 z - 3 scrolls of fog
 E - 15 scrolls of remove curse
 V - a scroll of blinking
Potions
 e - 2 potions of berserk rage
 g - 7 potions of curing
 l - a potion of flight
 s - 2 potions of might {!q}
 v - 3 potions of brilliance {!q}
 w - a potion of resistance {!q}
 D - 2 potions of cancellation {!q}
 J - 2 potions of lignification {!q}
 N - 5 potions of agility {!q}
 O - 3 potions of invisibility {!q}
 Y - a potion of haste {!q}
Books
 c - a book of Power
Miscellaneous
 m - a box of beasts
 I - a fan of gales
Comestibles
 M - 19 royal jellies


   Skills:
 - Level 15.0 Fighting
 - Level 10.0 Short Blades
 + Level 8.1 Maces & Flails
 + Level 10.6 Armour
 - Level 10.0 Dodging
 - Level 8.0 Stealth
 - Level 7.0 Spellcasting
 - Level 5.1 Conjurations
 - Level 11.0 Hexes
 - Level 5.0 Ice Magic
 - Level 8.2 Invocations
 - Level 10.0 Evocations


You had 15 spell levels left.
You knew the following spells:

 Your Spells              Type           Power        Failure   Level  Hunger
a - Corona                Hex            ######.      1%          1    None
b - Ensorcelled Hibernat  Hex/Ice        ######       1%          2    None
c - Confuse               Hex            ######..     1%          3    None
d - Tukima's Dance        Hex            ######..     1%          3    None
e - Dazzling Spray        Conj/Hex       ######       1%          3    None
A - Apportation           Tloc           #.....       17%         1    None
S - Swiftness             Chrm/Air       #.......     24%         2    None


Dungeon Overview and Level Annotations

Branches:
Dungeon (15/15)            Temple (1/1) D:5            Lair (6/6) D:10
 Shoals (0/4) Lair:2        Snake (1/4) Lair:4        Slime (0/5) Lair:6
    Orc (2/2) D:12            Elf (0/3) Orc:2        Vaults (0/5) D:14
 Depths (0/5) D:15

Altars:
Ashenzari
Cheibriados
Dithmenos
Elyvilon
Fedhas
Gozag
Hepliaklqana
Kikubaaqudgha
Makhleb
Nemelex Xobeh
Okawaru
Qazlal
Ru
Sif Muna
Trog
Uskayaw
Vehumet
Wu Jian
Xom
Yredelemnul
Zin
The Shining One
Beogh

Shops:
D:4 ?   D:11 (   D:13 }   Orc:2 ?[:*

Portals:
Trove: D:15 (give 2 scrolls of acquirement)

Annotations:
D:13 Erolcha


Innate Abilities, Weirdness & Mutations

You are small and have problems with some larger weapons.
You are carnivorous and can eat meat at any time.


Message History

Aim: a salamander, wielding an enchanted glaive (chance to defeat MR: 73%)
The salamander struggles to resist.
You feel sick. The black mamba barely misses you.
The black mamba completely misses you.
Damage: 1 (max 22) Unknown command.
Put on which piece of jewellery? (? for menu, Esc to quit)
You're wearing all the rings you can.
Remove which one? (? for menu, Esc to cancel) < or
n - the ring of Daluz {Ice Int+8 Stlth-} > or
p - a ring of poison resistance You remove your ring of poison resistance.
The salamander barely misses you. The black mamba barely misses you.
F - a ring of protection from fire (right hand)
The black mamba misses you.
The salamander hits you from afar with an enchanted glaive.
* * * LOW HITPOINT WARNING * * *
You are engulfed in flames!
* * * LOW HITPOINT WARNING * * *
Damage: 15 (max 22)
The black mamba bites you but does no damage.
You see here a black mamba corpse.
You feel sick. The black mamba misses you. The black mamba bites you.
* * * LOW HITPOINT WARNING * * *
Damage: 6 (max 22)
The black mamba barely misses you.
Casting: Tukima's Dance
Confirm with . or Enter, or press ? or * to list all spells.
Aiming: Ensorcelled Hibernation
Press: ? - help, Shift-Dir - straight line, f/p - salamander
Aim: a salamander, wielding an enchanted glaive (chance to defeat MR: 55%)
You feel a surge of power!
The black mamba struggles to resist.
The black mamba completely misses you. The black mamba barely misses you.
The salamander hits you but does no damage.
You feel better. The black mamba bites you.
* * * LOW HITPOINT WARNING * * *
Unknown command.
Okay, then.
Unknown command.
Casting: Ensorcelled Hibernation
Confirm with . or Enter, or press ? or * to list all spells.
Aiming: Ensorcelled Hibernation
Press: ? - help, Shift-Dir - straight line, f/p - salamander
Aim: a salamander, wielding an enchanted glaive (chance to defeat MR: 55%)
You feel a surge of power!
The black mamba struggles to resist.
The black mamba misses you.
The salamander hits you from afar with an enchanted glaive!
* * * LOW HITPOINT WARNING * * *
You are engulfed in flames!
You die...

#...............## .....
#.....##^...##.##
.....#####....#..####
..# ...##...####.##.# #
.. #.#.......#..###.#
###........##......#
#####.#.#....###.[....##
#.......##...#.#.....##
.........[)..†.#@###.#
.........#.[.#NS...###
.........##..#.....#
####......##.#.....#
##....†.#.#.....#
#......#########
#......# ...........
#######.####


You could see a salamander and a black mamba.

Vanquished Creatures
  Gastronok (Lair:3)
  A frost giant (D:15)
  An orc warlord (Orc:1)
  A stone giant (Orc:2)
  Snorg (D:14)
  The ghost of Ratty the Blocker, a journeyman MiBe of Trog (D:11)
  Fannar (Lair:1)
  A merfolk avatar (Lair:6)
  3 hydras
  6 centaur warriors
  Erica (Orc:1)
  3 anacondas (Snake:1)
  A catoblepas (D:15)
  2 death knights (D:15)
  10 death yaks
  5 two-headed ogres
  A tengu warrior (D:14)
  Urug (Orc:1)
  2 orc high priests
  2 unseen horrors
  8 skeletal warriors
  2 sea snakes (Lair:6)
  3 naga ritualists (Snake:1)
  Pikel (D:5)
  5 mana vipers
  A wolf spider zombie (D:13)
  2 orc knights
  A necromancer (Lair:3)
  8 manticores
  3 orc sorcerers (Orc:2)
  A cyclops (shapeshifter) (D:13)
  18 ugly things
  A wolf spider (D:12)
  4 cyclopes
  Joseph (D:8)
  18 elephants
  Maurice (D:8)
  The ghost of Nico3ck the Carver, a novice GrFi (D:6)
  2 naga magi (Snake:1)
  19 black mambas
  3 orange demons
  10 spiny frogs
  8 komodo dragons
  4 rime drakes
  A tengu conjurer (D:14)
  3 freezing wraiths
  5 yaktaurs
  A redback zombie (D:13)
  A red devil (D:10)
  5 polar bears (Lair:6)
  15 trolls
  2 hornets (Lair:6)
  7 slime creatures
  2 wind drakes (Lair:6)
  10 hippogriffs
  6 blink frogs (Lair:2)
  A snapping turtle (Lair:2)
  A shadow (D:13)
  2 wraiths
  9 wyverns
  A vampire (D:13)
  2 hungry ghosts
  32 yaks
  Grum (D:8)
  A warg (Orc:1)
  A soldier ant (shapeshifter) (D:15)
  7 porcupines
  27 water moccasins
  28 orc warriors
  5 ice beasts
  4 sky beasts
  7 necrophages
  3 phantoms
  A black bear (D:7)
  2 eyes of draining
  8 ogres
  39 centaurs
  A boggart (D:14)
  4 wolves
  19 crocodiles
  6 big kobolds
  19 bullfrogs
  A gnoll sergeant (D:12)
  2 wyvern skeletons
  3 scorpions
  5 killer bees
  14 wights
  7 howler monkeys
  An electric eel (Lair:2)
  4 bullfrog zombies
  4 centaur zombies
  9 crimson imps
  3 quasits
  5 hounds
  9 jellies
  17 orc priests
  3 bullfrog skeletons
  6 centaur skeletons
  2 iguanas
  12 orc wizards
  13 worker ants
  A yak simulacrum (Lair:3)
  6 wolf simulacra (Lair:3)
  A hound zombie (D:6)
  2 worker ant zombies
  12 gnolls
  28 adders
  A river rat (D:4)
  6 shadow imps
  13 oozes
  3 worms
  8 leopard geckos
  73 orcs
  2 giant cockroaches
  5 goblins
  7 hobgoblins
  11 jackals
  32 kobolds
  4 quokkas
  3 ball pythons
  5 bats
  4 frilled lizards
  5 rats
  4 river rat simulacra (Lair:3)
  A fungus (Lair:2)
816 creatures vanquished.

Vanquished Creatures (collateral kills)
  An ogre mage (D:15)
  Harold (D:12)
  A centaur warrior (D:14)
  3 two-headed ogres
  A skeletal warrior (D:15)
  An orc knight (Orc:2)
  A naga ritualist (Snake:1)
  A black mamba (Snake:1)
  An orange demon (D:10)
  A gargoyle (D:13)
  A naga (Snake:1)
  19 orc warriors
  2 ogres
  A centaur (D:15)
  5 wights
  2 orc priests
  2 orc wizards
  3 gnolls
  22 orcs
69 creatures vanquished.

Vanquished Creatures (others)
  13 dancing weapons
  A centaur (D:15)
  An adder (D:5)
  A shadow imp (D:5)
  3 orcs (D:5)
  A rat (D:4)
  30 fungi
  24 plants
  7 toadstools (D:2)
81 creatures vanquished.

Grand Total: 966 creatures vanquished

Notes
Turn   | Place    | Note
-------+----------+-------------------------------------------
     0 | D:1      | Gorice the Kobold Enchanter began the quest for the Orb.
     0 | D:1      | Reached XP level 1. HP: 10/10 MP: 3/3
   354 | D:1      | Reached XP level 2. HP: 15/15 MP: 5/5
   358 | D:1      | Learned a level 2 spell: Ensorcelled Hibernation
   779 | D:1      | Reached skill level 2 in Short Blades
  1063 | D:1      | HP: 3/15 [goblin/dagger (4)]
  1450 | D:1      | Reached XP level 3. HP: 19/19 MP: 4/6
  1455 | D:1      | Learned a level 3 spell: Confuse
  1533 | D:2      | Found an iron altar of Okawaru.
  1690 | D:2      | Became a worshipper of Warmaster Okawaru
  1851 | D:2      | Reached skill level 4 in Hexes
  2134 | D:2      | Found a faded altar of an unknown god.
  2290 | D:2      | Reached XP level 4. HP: 24/24 MP: 5/7
  2616 | D:2      | Reached skill level 3 in Short Blades
  2777 | D:2      | Reached XP level 5. HP: 25/28 MP: 6/8
  3016 | D:2      | Reached skill level 5 in Hexes
  3036 | D:2      | Reached skill level 4 in Short Blades
  3405 | D:3      | Reached XP level 6. HP: 32/32 MP: 9/9
  3890 | D:4      | Reached * piety under Okawaru
  3922 | D:4      | You fall through a shaft for 3 floors!
  3957 | D:7      | Noticed a black bear
  3958 | D:7      | Found an iron altar of Okawaru.
  3963 | D:7      | Killed a black bear
  3963 | D:7      | Reached skill level 5 in Short Blades
  3963 | D:7      | Reached skill level 6 in Hexes
  4008 | D:7      | Found a hazy altar of Hepliaklqana.
  4009 | D:7      | Found a shattered altar of Ashenzari.
  4084 | D:7      | Reached XP level 7. HP: 36/36 MP: 6/10
  4325 | D:7      | Reached skill level 7 in Hexes
  4651 | D:7      | Reached skill level 6 in Short Blades
  4769 | D:7      | Reached XP level 8. HP: 34/41 MP: 0/11
  4921 | D:5      | Entered Level 5 of the Dungeon
  4933 | D:5      | Reached ** piety under Okawaru
  4939 | D:5      | Found a staircase to the Ecumenical Temple.
  4975 | Temple   | Entered the Ecumenical Temple
  5283 | D:5      | Found a burning altar of Makhleb.
  5330 | D:5      | Noticed Pikel
  5357 | D:5      | Killed Pikel
  5357 | D:5      | Reached *** piety under Okawaru
  5357 | D:5      | Reached skill level 7 in Short Blades
  5357 | D:5      | Reached skill level 9 in Hexes
  5504 | D:4      | Got a slimy whip
  5505 | D:4      | Identified the +0 whip of the Pillar {elec, Dex+3} (You found it on level 4 of the Dungeon)
  5579 | D:4      | Found a deep blue altar of Sif Muna.
  5659 | D:4      | Reached XP level 9. HP: 43/45 MP: 3/12
  5796 | D:4      | Found Ettythe's Magic Scroll Boutique.
  5804 | D:4      | Bought 3 scrolls of identify for 66 gold pieces
  5804 | D:4      | Bought a scroll of fear for 38 gold pieces
  6148 | D:4      | Reached skill level 8 in Short Blades
  6154 | D:4      | Learned a level 3 spell: Tukima's Dance
  6187 | D:4      | Upgraded the game from 0.20-a0-1008-g0de3dc5 to 0.20-a0-1015-g2ec8a95
  6694 | D:6      | Found an opulent altar of Gozag.
  6760 | D:6      | Reached skill level 10 in Hexes
  6884 | D:6      | Noticed Nico3ck's ghost (novice GrFi)
  6908 | D:6      | Reached skill level 9 in Short Blades
  6984 | D:6      | Killed Nico3ck's ghost
  7076 | D:6      | Reached **** piety under Okawaru
  7683 | D:6      | Reached XP level 10. HP: 50/50 MP: 8/13
  7846 | D:7      | Found a glowing silver altar of Zin.
  8085 | D:7      | Reached skill level 10 in Short Blades
  8085 | D:7      | Reached skill level 11 in Hexes
  8152 | D:7      | Found an ancient bone altar of Kikubaaqudgha.
  8152 | D:7      | Found a blossoming altar of Fedhas.
  8244 | D:7      | Reached skill level 1 in Fighting
  8244 | D:7      | Reached skill level 1 in Invocations
  8329 | D:8      | Reached skill level 3 in Dodging
  8337 | D:8      | Reached skill level 2 in Fighting
  8432 | D:8      | Reached skill level 2 in Invocations
  8457 | D:8      | Reached skill level 4 in Dodging
  8540 | D:8      | Reached skill level 3 in Fighting
  9175 | D:8      | Found a shadowy altar of Dithmenos.
  9234 | D:8      | Noticed Maurice
  9439 | D:8      | Got a vibrating marble ring
  9440 | D:8      | Identified the ring of Daluz {Ice Int+8 Stlth-} (You found it on level 8 of the Dungeon)
  9498 | D:8      | Noticed Joseph
  9508 | D:8      | Killed Joseph
  9508 | D:8      | Reached skill level 4 in Fighting
  9508 | D:8      | Reached skill level 5 in Dodging
  9508 | D:8      | Reached skill level 3 in Spellcasting
  9592 | D:8      | Killed Maurice
  9997 | D:8      | Reached ***** piety under Okawaru
  9997 | D:8      | Reached skill level 4 in Spellcasting
 10010 | D:8      | Reached skill level 5 in Fighting
 10130 | D:8      | Noticed Grum
 10142 | D:8      | Reached skill level 6 in Dodging
 10264 | D:8      | Reached XP level 11. HP: 61/64 MP: 11/17
 10310 | D:8      | Learned a level 3 spell: Dazzling Spray
 10348 | D:8      | Killed Grum
 10613 | D:9      | Reached skill level 5 in Spellcasting
 10757 | D:9      | Learned a level 1 spell: Apportation
 10828 | D:9      | Found a burning altar of Makhleb.
 10908 | D:9      | Noticed a two-headed ogre
 10917 | D:9      | Killed a two-headed ogre
 10917 | D:9      | Received a gift from Okawaru
 10917 | D:9      | Reached skill level 6 in Fighting
 10917 | D:9      | Reached skill level 7 in Dodging
 10918 | D:9      | Got a brightly glowing helmet {god gift}
 10929 | D:9      | Identified the +0 helmet "Abidy" {Dex+3} (Okawaru gifted it to you on level 9 of the Dungeon)
 11494 | D:9      | Found an ornate altar of the Wu Jian Council.
 11668 | D:9      | Found a snail-covered altar of Cheibriados.
 11819 | D:10     | Entered Level 10 of the Dungeon
 11822 | D:10     | Noticed a red ugly thing
 11965 | D:10     | Noticed a green ugly thing
 11968 | D:10     | Noticed a death yak
 12145 | D:8      | HP: 4/66 [red ugly thing (22)]
 12171 | D:9      | Reached skill level 6 in Spellcasting
 12519 | D:10     | Noticed a two-headed ogre
 12666 | D:9      | HP: 19/66 [two-headed ogre/giant club (11)]
 12694 | D:9      | Killed a two-headed ogre
 12694 | D:9      | Reached skill level 8 in Dodging
 12918 | D:10     | Killed a green ugly thing
 12918 | D:10     | Reached skill level 7 in Fighting
 13183 | D:8      | HP: 12/67 [red ugly thing (16)]
 13658 | D:9      | HP: 19/67 [poisoned by an orange demon]
 13669 | D:9      | HP: 20/67 [poisoned by an orange demon]
 13674 | D:9      | HP: 16/67 [poisoned by an orange demon]
 13679 | D:9      | HP: 14/67 [poisoned by an orange demon]
 13686 | D:9      | HP: 13/67 [poisoned by an orange demon]
 13692 | D:8      | HP: 12/67 [poisoned by an orange demon]
 13700 | D:8      | HP: 12/67 [poisoned by an orange demon]
 14125 | D:9      | Reached skill level 9 in Dodging
 14125 | D:9      | Reached skill level 7 in Spellcasting
 14148 | D:10     | Noticed a two-headed ogre
 14162 | D:10     | Noticed a death yak
 14163 | D:10     | Noticed a death yak
 14164 | D:10     | Killed a two-headed ogre
 14164 | D:10     | Reached skill level 8 in Fighting
 14164 | D:10     | Reached skill level 1 in Armour
 14164 | D:10     | Reached XP level 12. HP: 55/73 MP: 10/22
 14331 | D:10     | Noticed a death yak
 14377 | D:9      | Killed a death yak
 14377 | D:9      | Received a gift from Okawaru
 14377 | D:9      | Reached skill level 2 in Armour
 14378 | D:9      | Got a faintly glowing chain mail {god gift}
 14379 | D:9      | Identified the +0 chain mail of the Archfiend {rPois} (Okawaru gifted it to you on level 9 of the Dungeon)
 14605 | D:10     | Found a staircase to the Lair.
 14607 | D:10     | Noticed a death yak
 14647 | D:10     | Killed a death yak
 14739 | D:9      | HP: 15/75 [death yak (22)]
 15207 | D:9      | Killed a death yak
 15207 | D:9      | Reached skill level 3 in Armour
 15556 | D:10     | Noticed a death yak
 15988 | Lair:1   | Entered Level 1 of the Lair of Beasts
 16152 | Lair:1   | Reached skill level 4 in Armour
 16160 | Lair:1   | Reached skill level 10 in Dodging
 16277 | Lair:1   | Reached skill level 9 in Fighting
 16315 | Lair:1   | Reached skill level 1 in Ice Magic
 16401 | Lair:1   | Noticed Fannar
 16420 | Lair:1   | Killed Fannar
 16688 | Lair:1   | Reached skill level 5 in Armour
 16899 | Lair:1   | Reached skill level 2 in Ice Magic
 17066 | Lair:2   | Noticed an eight-headed hydra
 17087 | Lair:2   | HP: 20/76 [eight-headed hydra (7)]
 17547 | Lair:2   | Killed a one-headed hydra
 17547 | Lair:2   | Reached skill level 3 in Ice Magic
 17547 | Lair:2   | Reached XP level 13. HP: 70/81 MP: 12/23
 17669 | Lair:2   | Found a staircase to the Shoals.
 17730 | Lair:2   | Received a gift from Okawaru
 17730 | Lair:2   | Reached skill level 6 in Armour
 17881 | Lair:2   | Reached skill level 10 in Fighting
 18051 | Lair:2   | Reached skill level 4 in Ice Magic
 18251 | Lair:2   | Received a gift from Okawaru
 18454 | Lair:2   | Reached skill level 7 in Armour
 19221 | Lair:3   | Reached skill level 5 in Ice Magic
 19271 | Lair:3   | Reached ****** piety under Okawaru
 19485 | Lair:3   | Learned a level 2 spell: Swiftness
 19534 | Lair:3   | Reached skill level 1 in Conjurations
 19712 | Lair:3   | Noticed Gastronok
 19799 | Lair:3   | Killed Gastronok
 20140 | Lair:4   | Reached skill level 8 in Armour
 20140 | Lair:4   | Reached skill level 2 in Conjurations
 20163 | Lair:4   | Reached skill level 11 in Fighting
 20609 | Lair:4   | Found a staircase to the Snake Pit.
 21418 | Lair:5   | Reached skill level 3 in Conjurations
 21720 | Lair:5   | Reached XP level 14. HP: 82/90 MP: 14/24
 22281 | Lair:6   | Entered Level 6 of the Lair of Beasts
 22282 | Lair:6   | Received a gift from Okawaru
 22509 | Lair:6   | Reached skill level 9 in Armour
 22782 | Lair:6   | Found a staircase to the Slime Pits.
 22806 | Lair:6   | Reached skill level 4 in Conjurations
 23631 | Lair:6   | Reached skill level 5 in Conjurations
 23802 | Lair:6   | Reached skill level 12 in Fighting
 23806 | Lair:6   | Reached skill level 10 in Armour
 23937 | Lair:5   | Reached skill level 1 in Maces & Flails
 24114 | Lair:5   | HP: 20/92 [six-headed hydra (11)]
 24463 | Lair:5   | Received a gift from Okawaru
 24463 | Lair:5   | Reached skill level 2 in Maces & Flails
 24644 | Lair:6   | Reached skill level 3 in Maces & Flails
 25115 | Lair:5   | Reached skill level 4 in Maces & Flails
 25559 | Lair:6   | Reached XP level 15. HP: 97/97 MP: 23/25
 25709 | Lair:6   | Reached skill level 5 in Maces & Flails
 25731 | Lair:6   | Got an ancient ruby amulet
 25745 | Lair:6   | Identified the amulet of the Leaf {RegenMP rC+ Str+3 Int+3} (You found it on level 6 of the Lair of Beasts)
 26540 | D:11     | Noticed Ratty's ghost (journeyman MiBe)
 26593 | D:10     | Reached skill level 6 in Maces & Flails
 26926 | D:11     | Found Gucw's Weapon Shoppe.
 26983 | D:11     | Killed Ratty's ghost
 26983 | D:11     | Received a gift from Okawaru
 26984 | D:11     | Got an encrusted ring mail {god gift}
 27074 | D:10     | Identified the +1 ring mail of Iduidaas {rN+ Regen+ Stlth+} (Okawaru gifted it to you on level 11 of the Dungeon)
 27609 | D:12     | Found a flickering gateway to a bazaar.
 27625 | Bazaar   | Entered a bazaar
 27625 | Bazaar   | Found Nitida's Antique Armour Shoppe.
 27625 | Bazaar   | Found Yvuof's Jewellery Emporium.
 27626 | Bazaar   | Found Pehogo's Book Shoppe.
 27626 | Bazaar   | Found Ocanloegh's Assorted Antiques.
 27675 | Bazaar   | Bought an uncursed ring of poison resistance for 180 gold pieces
 27679 | Bazaar   | Bought a blackened marble ring for 115 gold pieces
 27687 | Bazaar   | Bought an uncursed ring of resist corrosion for 180 gold pieces
 27693 | Bazaar   | Bought a warped scale mail for 234 gold pieces
 27703 | Bazaar   | Identified the cursed +0 scale mail "Ihil" {Int+2} (You bought it in a shop in a bazaar)
 27707 | Bazaar   | Bought a glowing cloak for 195 gold pieces
 27729 | Bazaar   | Bought a glowing cloak for 195 gold pieces
 28008 | D:12     | Reached skill level 7 in Maces & Flails
 28065 | D:12     | Reached skill level 13 in Fighting
 28133 | D:12     | Found a staircase to the Orcish Mines.
 28146 | D:12     | Reached skill level 1 in Evocations
 28165 | D:12     | Found a roughly hewn altar of Beogh.
 28365 | D:12     | Noticed Harold
 28374 | D:12     | Killed Harold
 28374 | D:12     | Reached skill level 3 in Invocations
 28460 | D:12     | Reached skill level 2 in Evocations
 29049 | D:11     | Reached skill level 3 in Evocations
 29211 | Orc:1    | Entered Level 1 of the Orcish Mines
 29318 | Orc:2    | Entered Level 2 of the Orcish Mines
 29354 | Orc:2    | Reached skill level 4 in Invocations
 29537 | Orc:2    | Noticed an orc warlord
 29722 | Orc:1    | Killed an orc warlord
 29722 | Orc:1    | Reached skill level 4 in Evocations
 30176 | Orc:1    | Noticed Erica
 30195 | Orc:1    | Killed Erica
 30195 | Orc:1    | Reached skill level 5 in Invocations
 30201 | Orc:1    | Noticed Urug
 30211 | Orc:1    | HP: 13/99 [Urug/vampiric glaive (39)]
 30465 | Orc:1    | Killed Urug
 30465 | Orc:1    | Reached skill level 5 in Evocations
 30894 | Orc:1    | You fall through a shaft!
 30910 | Orc:2    | Noticed a stone giant
 30931 | Orc:2    | Killed a stone giant
 31381 | Orc:2    | Found a staircase to the Elven Halls.
 31718 | Orc:2    | Reached skill level 6 in Evocations
 31744 | Orc:2    | Found Puxkaerr's Antique Armour Emporium.
 31744 | Orc:2    | Found Kaparir's Book Shop.
 31746 | Orc:2    | Found Bocrim's General Store.
 31748 | Orc:2    | Found Qiverchoro's Magic Scroll Shoppe.
 31760 | Orc:2    | Bought a pair of heavily runed boots for 313 gold pieces
 31760 | Orc:2    | Bought a pair of glowing gloves for 247 gold pieces
 31762 | Orc:2    | Identified the +2 pair of boots of Purpose {Str+4} (You bought it in a shop on level 2 of the Orcish Mines)
 31785 | Orc:2    | Bought a pair of embroidered gloves for 247 gold pieces
 32209 | D:13     | Reached skill level 6 in Invocations
 32295 | D:13     | Found Bepakyum's Gadget Boutique.
 32296 | D:13     | Noticed Erolcha
 32330 | D:13     | Reached XP level 16. HP: 102/105 MP: 22/26
 33012 | D:13     | Received a gift from Okawaru
 33046 | D:13     | Reached skill level 14 in Fighting
 33845 | D:13     | Reached skill level 7 in Evocations
 33875 | D:13     | Reached skill level 7 in Invocations
 34565 | D:14     | Noticed Snorg
 34580 | D:14     | Killed Snorg
 34678 | D:14     | Reached skill level 8 in Evocations
 34834 | D:14     | Reached skill level 8 in Invocations
 34873 | D:14     | Received a gift from Okawaru
 34924 | D:14     | Found a gate to the Vaults.
 35100 | D:15     | Entered Level 15 of the Dungeon
 35442 | D:15     | Reached skill level 5 in Stealth
 35442 | D:15     | Reached skill level 9 in Evocations
 35494 | D:15     | Found a portal to a secret trove of treasure.
 35839 | D:15     | HP: 25/107 [mirror damage (14)]
 35846 | D:15     | HP: 16/107 [??? (10)]
 35854 | D:15     | HP: 9/107 [centaur/arrow (12)]
 35854 | D:15     | HP: 2/107 [centaur/arrow (7)]
 35861 | D:15     | HP: 31/107 [centaur/arrow (6)]
 35868 | D:14     | HP: 37/160 [skeletal warrior/short sword[a death knight] (7)]
 35874 | D:14     | HP: 35/160 [skeletal warrior/short sword[a death knight] (4)]
 35884 | D:14     | HP: 28/160 [skeletal warrior/short sword[a death knight] (9)]
 35890 | D:14     | Reached skill level 6 in Stealth
 36474 | D:15     | Reached skill level 15 in Fighting
 36623 | D:15     | Found a staircase to the Depths.
 36623 | D:15     | Noticed a frost giant
 36635 | D:15     | Killed a frost giant
 36635 | D:15     | Reached skill level 7 in Stealth
 36691 | D:15     | Received a gift from Okawaru
 36691 | D:15     | Reached XP level 17. HP: 110/113 MP: 20/27
 36692 | D:15     | Got a transparent scale mail {god gift}
 36715 | D:15     | Identified the +1 scale mail "Ined" {Slay+4 Stlth+} (Okawaru gifted it to you on level 15 of the Dungeon)
 36740 | D:15     | Reached skill level 10 in Evocations
 36788 | D:15     | Reached skill level 8 in Stealth
 37231 | Snake:1  | Entered Level 1 of the Snake Pit
 38142 | Snake:1  | Reached skill level 8 in Maces & Flails
 38175 | Snake:1  | HP: 33/113 [mana viper (11)]
 38317 | Snake:1  | HP: 24/113 [salamander/enchanted glaive (18)]
 38321 | Snake:1  | HP: 9/113 [salamander/enchanted glaive (10)]
 38324 | Snake:1  | HP: 3/113 [black mamba (6)]
 38328 | Snake:1  | Slain by a salamander

Vault maps used:
D:1:      onia_arrival_mini_spirals
D:2:      cheibrodos_fertilizer, chequers_ecumenical_altar_simple,
          grunt_decor_cap, solitary_fountain, okawaru_ov_weapons_minmay
D:3:      first_bread
D:4:      nicolae_overflow_crystal_walls, lightli_sewer_entry_pipes,
          serial_shops, shop
D:5:      makhleb_grotto_becter, temple_fountains, minmay_misc_feat_roman,
          uniq_pikel
D:6:      grunt_gozag_breadcrumbs, st_stairs_10
D:7:      grunt_temple_overflow_growth_and_decay, zin_scriptorium,
          old_standard_altar, gammafunk_temple_overflow_statue
D:8:      grunt_dithmenos_smoke, uniq_joseph, uniq_maurice, uniq_grum
D:9:      overflow_temple_1_default, lemuel_doored_altar, basic_altar
D:10:     dpeg_lair_monsters, hangedman_little_slice_of_home,
          minmay_beelzebubs_servants
D:11:     serial_shops, nicolae_shop_trees, serial_undead, serial_undead_a,
          serial_undead_f, serial_undead_c, serial_undead_c, serial_undead_c,
          serial_undead_d
D:12:     minmay_orc_entry_temple_small, serial_shops, bzr_entry_islet,
          uniq_harold
D:13:     serial_shops, shop, serial_co_window_serial, co_window_corner_a,
          co_window_corner_a, co_window_corner_a, co_window_paths_b,
          co_window_corner_a, co_window_corner_b, co_window_broadway_b,
          co_window_corner_b, co_window_cross_3, co_window_unsneaky_path_a,
          co_window_2corner, co_window_cross_2, co_window_paths_e,
          glass_columns_b, glass_columns_b, glass_columns_c, glass_columns_b,
          glass_columns_a, serial_park_tiny_pond, kennysheep_nondescript,
          minmay_misc_feat_iff, uniq_erolcha
D:14:     hangedman_vaults_entry_quadrant_bands, minmay_misc_feat_nine_boxes,
          serial_bayou_pond_d, uniq_snorg
D:15:     grunt_enter_depths_snipers, nicolae_trove_entry_crossroad,
          roderic_lattice_octagonal_star
Temple:   minmay_freezing_vapour_temple
Lair:1:   st_stairs_7, uniq_fannar
Lair:2:   minmay_guarded_unrand_snakebite, minmay_shoals_entry_hut
Lair:3:   eino_house_with_fridge, uniq_gastronok
Lair:4:   minmay_snake_entry_six_corridors
Lair:6:   gammafunk_lair_ancient_temple, slime_dummy, serial_bayou_pond_b,
          infiniplex_staircase_pool
Orc:1:    minmay_orc_barracks, uniq_urug, uniq_erica
Orc:2:    st_orc_rangers
Bazaar:   bazaar_minmay_row

Skill      XL: |  1  2  3  4  5  6  7  8  9 10 11 12 13 14 15 16 17 |
---------------+----------------------------------------------------+-----
Short Blades   | 2 3 4 5 6 7 9 10 | 10.0
Hexes          | 4 5 6 7 9 10 11 | 11.0
Fighting       | 5 8 9 11 12 13 15 | 15.0
Invocations    | 2 6 8 |  8.2
Dodging        | 6 9 10 | 10.0
Spellcasting   | 4 7 |  7.0
Armour         | 1 5 8 10 | 10.6
Ice Magic      | 3 5 |  5.0
Conjurations   | 3 5 |  5.1
Maces & Flails | 4 7 8 |  8.1
Evocations     | 6 9 10 | 10.0
Stealth        | 7 8 |  8.0

Action                   |  1- 3 |  4- 6 |  7- 9 | 10-12 | 13-15 | 16-18 || total
-------------------------+-------+-------+-------+-------+-------+-------++-------
Melee: Dagger            |    82 |    84 |   150 |   441 |   627 |   423 ||  1807
       Scimitar          |       |       |       |    11 |    15 |       ||    26
       Punch             |       |       |       |       |    10 |     6 ||    16
       Whip              |       |       |       |       |   460 |   269 ||   729
Throw: Tomahawk          |       |       |     1 |       |       |       ||     1
 Cast: Corona            |    26 |     4 |       |     1 |     2 |     5 ||    38
       Ensorcelled Hiber |    13 |    23 |    52 |   120 |   250 |    83 ||   541
       Confuse           |       |     1 |    18 |    94 |   150 |    82 ||   345
       Tukima's Dance    |       |       |     7 |    42 |    89 |    42 ||   180
       Dazzling Spray    |       |       |       |    13 |       |       ||    13
Invok: Heroism           |       |       |       |     9 |    18 |     5 ||    32
 Abil: Evoke Berserk Rag |       |       |       |       |     3 |     1 ||     4
Evoke: Wand              |       |       |       |       |     2 |       ||     2
  Use: Scroll            |     2 |     7 |    10 |    11 |    13 |     1 ||    44
       Potion            |       |       |     2 |     1 |       |     2 ||     5
 Stab: Sleeping          |    10 |    20 |    35 |    73 |   143 |    51 ||   332
       Confused          |       |     1 |     9 |    38 |    91 |    53 ||   192
       Invisible         |       |       |     3 |     3 |       |       ||     6
       Distracted        |       |       |     1 |     2 |     3 |     3 ||     9
  Eat: Chunk             |    14 |     7 |    17 |    43 |    49 |    23 ||   153
Armor: Robe              |    12 |    10 |    13 |    30 |       |       ||    65
       Ring mail         |       |       |       |    30 |   245 |   145 ||   420
       Scale mail        |       |       |       |       |       |    41 ||    41
Dodge: Dodged            |    58 |    50 |   102 |   372 |   890 |   520 ||  1992
       Rpst.: Scimitar   |       |       |       |     1 |     2 |       ||     3

Table legend:
 A = Turns spent in this place as a percentage of turns spent in the entire game.
 B = Non-inter-level travel turns spent in this place as a percentage of non-inter-level travel turns spent in the entire game.
 C = Inter-level travel turns spent in this place as a percentage of turns spent in this place.
 D = Turns resting spent in this place as a percentage of non-inter-level travel turns spent in this place.
 E = Turns spent auto-exploring this place as a percentage of non-inter-level travel turns spent in this place.
 F = Non-inter-level travel turns spent in this place divided by the number of levels of this place that you've seen.
                   A       B       C       D       E      F
               +-------+-------+-------+-------+-------+----------------------
         Total | 100.0 | 100.0 |   0.6 |   4.3 |   3.7 | 517.7
       Dungeon |  62.7 |  62.6 |   0.6 |   4.5 |   4.0 | 561.9
        Temple |   0.0 |   0.0 |   0.0 |   0.0 |   0.0 |   5.0
          Lair |  23.1 |  23.0 |   0.7 |   5.0 |   4.0 | 516.8
     Snake Pit |   2.5 |   2.5 |   0.3 |   2.7 |   2.7 | 338.0
  Orcish Mines |  10.8 |  10.9 |   0.2 |   2.8 |   1.9 | 731.5
        Bazaar |   0.9 |   0.9 |   0.0 |   0.0 |   0.8 | 123.0
               +-------+-------+-------+-------+-------+----------------------

Vault maps used:
D:1:      onia_arrival_mini_spirals
D:2:      cheibrodos_fertilizer, chequers_ecumenical_altar_simple,
          grunt_decor_cap, solitary_fountain, okawaru_ov_weapons_minmay
D:3:      first_bread
D:4:      nicolae_overflow_crystal_walls, lightli_sewer_entry_pipes,
          serial_shops, shop
D:5:      makhleb_grotto_becter, temple_fountains, minmay_misc_feat_roman,
          uniq_pikel
D:6:      grunt_gozag_breadcrumbs, st_stairs_10
D:7:      grunt_temple_overflow_growth_and_decay, zin_scriptorium,
          old_standard_altar, gammafunk_temple_overflow_statue
D:8:      grunt_dithmenos_smoke, uniq_joseph, uniq_maurice, uniq_grum
D:9:      overflow_temple_1_default, lemuel_doored_altar, basic_altar
D:10:     dpeg_lair_monsters, hangedman_little_slice_of_home,
          minmay_beelzebubs_servants
D:11:     serial_shops, nicolae_shop_trees, serial_undead, serial_undead_a,
          serial_undead_f, serial_undead_c, serial_undead_c, serial_undead_c,
          serial_undead_d
D:12:     minmay_orc_entry_temple_small, serial_shops, bzr_entry_islet,
          uniq_harold
D:13:     serial_shops, shop, serial_co_window_serial, co_window_corner_a,
          co_window_corner_a, co_window_corner_a, co_window_paths_b,
          co_window_corner_a, co_window_corner_b, co_window_broadway_b,
          co_window_corner_b, co_window_cross_3, co_window_unsneaky_path_a,
          co_window_2corner, co_window_cross_2, co_window_paths_e,
          glass_columns_b, glass_columns_b, glass_columns_c, glass_columns_b,
          glass_columns_a, serial_park_tiny_pond, kennysheep_nondescript,
          minmay_misc_feat_iff, uniq_erolcha
D:14:     hangedman_vaults_entry_quadrant_bands, minmay_misc_feat_nine_boxes,
          serial_bayou_pond_d, uniq_snorg
D:15:     grunt_enter_depths_snipers, nicolae_trove_entry_crossroad,
          roderic_lattice_octagonal_star
Temple:   minmay_freezing_vapour_temple
Lair:1:   st_stairs_7, uniq_fannar
Lair:2:   minmay_guarded_unrand_snakebite, minmay_shoals_entry_hut
Lair:3:   eino_house_with_fridge, uniq_gastronok
Lair:4:   minmay_snake_entry_six_corridors
Lair:6:   gammafunk_lair_ancient_temple, slime_dummy, serial_bayou_pond_b,
          infiniplex_staircase_pool
Orc:1:    minmay_orc_barracks, uniq_urug, uniq_erica
Orc:2:    st_orc_rangers
Bazaar:   bazaar_minmay_row
